 Dungeon Crawl Stone Soup version 0.32-a0-643-ga006e7742e (webtiles) character file.

Game seed: 15170861917161406571

104403 jasper the Warrior (level 16, -13/116 HPs)
             Began as a Gargoyle Berserker on Mar 7, 2024.
             Was a High Priest of Trog.
             Mangled by a very large slime creature (14 damage)
             ... on level 15 of the Dungeon.
             The game lasted 00:39:29 (22636 turns).

jasper the Warrior (Gargoyle Berserker)            Turns: 22636, Time: 00:39:30

Health: -13/116    AC: 43    Str: 29    XL:     16   Next: 38%
Magic:  16/16      EV:  9    Int: 10    God:    Trog [*****.]
Gold:   1682       SH: 10    Dex:  9    Spells: 15/15 levels left

rFire   + . .        P - +8 demon whip (venom)
rCold   . . .        i - +0 kite shield
rNeg    + + +        l - +0 shadow dragon scales
rPois   ∞            b - +0 helmet of the World {rF+ Int+2}
rElec   +            a - +2 cloak
rCorr   .            m - +2 pair of gloves
SInv    +            N - +0 pair of boots
Will    +....        Z - amulet of Dadwel {Faith rN+ SInv Stlth+}
Stlth   +++          J - ring of positive energy
HPRegen 0.39/turn    g - +4 ring of slaying
MPRegen 0.15/turn

%: faith
@: flying, studying Stealth
A: sickness immunity, AC +12, big wings, negative energy resistance 1,
electricity resistance, torment resistance 1, petrification resistance
a: Renounce Religion, Berserk, Trog's Hand, Brothers in Arms


You were on level 15 of the Dungeon.
You worshipped Trog.
Trog was extremely pleased with you.
You visited 3 branches of the dungeon, and saw 22 of its levels.

You collected 2326 gold pieces.
You spent 644 gold pieces at shops.

Inventory:

Hand Weapons
 P - a +8 demon whip of venom (weapon)
 W - a +2 eveningstar of draining
Missiles
 e - 147 stones (quivered)
 h - 26 boomerangs
 B - 48 poisoned darts
 X - 6 javelins
Armour
 a - a +2 cloak (worn)
 b - the +0 helmet of the World (worn) {rF+ Int+2}
   (You bought it in a shop on level 1 of the Orcish Mines)

   Int+2:     It affects your intelligence (+2).
   rF+:       It protects you from fire.
 i - a +0 kite shield (worn)
 l - +0 shadow dragon scales (worn)
 m - a +2 pair of gloves (worn)
 F - an orb of mayhem
 N - a +0 pair of boots (worn)
Jewellery
 g - a +4 ring of slaying (right hand)
 I - a +6 ring of intelligence
 J - a ring of positive energy (left hand)
 M - a ring of magical power
 U - a ring of resist corrosion
 Y - an amulet of guardian spirit
 Z - the amulet of Dadwel (around neck) {Faith rN+ SInv Stlth+}
   (You found it on level 5 of the Lair of Beasts)

   [amulet of faith]

   Faith:     It allows you to gain divine favour quickly.
   rN+:       It protects you from negative energy.
   SInv:      It lets you see invisible.
   Stlth+:    It makes you more stealthy.
Wands
 s - a wand of charming (23)
 D - a wand of mindburst (8)
 K - a wand of flame (19)
 O - a wand of roots (6)
Scrolls
 c - a scroll of identify
 d - 11 scrolls of teleportation
 n - 8 scrolls of immolation
 q - 5 scrolls of fog
 t - 3 scrolls of fear
 y - 3 scrolls of poison
 E - 2 scrolls of amnesia
 L - 2 scrolls of vulnerability
 Q - 2 scrolls of revelation
Potions
 f - 3 potions of enlightenment
 k - 2 potions of cancellation
 o - 2 potions of resistance
 p - 3 potions of mutation
 v - 3 potions of lignification
 w - 2 potions of berserk rage
 x - 3 potions of curing
 z - 3 potions of brilliance
 A - 3 potions of might
 C - 3 potions of ambrosia
 G - 2 potions of degeneration
 H - 5 potions of heal wounds
 R - a potion of attraction
 S - 3 potions of haste
 T - 2 potions of magic {unknown}


   Skills:
 - Level 19.3 Fighting
 - Level 12.0 Maces & Flails
 - Level 19.1 Armour
 - Level 1.5 Dodging
 + Level 10.7 Shields


You had 15 spell levels left.
You didn't know any spells.
Your spell library was empty.

Dungeon Overview and Level Annotations

Branches:
Dungeon (15/15)            Temple (0/1) D:5            Lair (5/5) D:9
  Swamp (0/4) Lair:3       Spider (0/4) Lair:2          Orc (2/2) D:12
    Elf (0/3) Orc:2        Vaults (0/5) D:14         Depths (0/4) D:15
  Slime: Lair:4-5

Altars:
Dithmenos
Makhleb
Nemelex Xobeh
Qazlal
Sif Muna
Wu Jian
The Shining One
Beogh

Shops:
D:5 *   D:6 [   D:15 *   Orc:1 [*(=   Orc:2 [:(*[

Portals:
Trove: D:10 (give horn of Geryon)

Annotations:
D:11 3 runed translucent doors, Scrimshaw's ghost, journeyman CoHs
D:14 exclusion: ice statue
D:15 porpoise's ghost, journeyman DsGl
Lair:3 exclusion: oklob plant
Lair:4 exclusion: 2 oklob plants


Innate Abilities, Weirdness & Mutations

You are immune to sickness and miasma.
Your stone body is resilient. (AC +12)
You are immune to poison.
Your large and strong wings let you fly.
You resist negative energy. (rN+)
You are resistant to electric shocks. (rElec)
You are resistant to unholy torment.
You are immune to petrification.


Message History

A slime creature comes into view.
The slime creature quivers. x2
Two slime creatures merge to form a large slime creature.
Two slime creatures merge to form a very large slime creature.
You thrash the slime creature!!
The slime creature is heavily wounded.
The slime creature hits you but does no damage.
You thrash the slime creature!!
The slime creature is almost dead.
A yaktaur comes into view.
The slime creature hits you.
You take 5 damage, and have 111/116 hp.
You thrash the slime creature!!
You kill the slime creature!
Trog accepts your kill. The very large slime creature hits you!
You take 9 damage, and have 102/116 hp.
You hit the very large slime creature.
The very large slime creature is poisoned.
The very large slime creature is lightly wounded.
The very large slime creature hits you!!!
You take 37 damage, and have 65/116 hp.
MASSIVE DAMAGE!!
You barely miss the very large slime creature.
The very large slime creature is lightly wounded.
You whack the very large slime creature!
The very large slime creature is lightly wounded.
The very large slime creature hits you!!
* * * LOW HITPOINT WARNING * * *
You take 31 damage, and have 34/116 hp.
MASSIVE DAMAGE!!
You hit the very large slime creature.
The very large slime creature is lightly wounded.
You thrash the very large slime creature!!
The very large slime creature is moderately wounded.
The very large slime creature hits you!!
* * * LOW HITPOINT WARNING * * *
You take 33 damage, and have 1/116 hp.
MASSIVE DAMAGE!!
You thrash the very large slime creature!!
The very large slime creature is moderately wounded.
The very large slime creature hits you!
You die...

#$? #.....#..
.$..##.##.#.# ...
#####...#.#.# #.#
Wß#.....#.#.# ...
#####...#)#.# .#.#
.|$.#...#.#.##.#.#
#.. #...#.#.##.#c#
## ###.......#.#J#
#......#..#.#@#
########..#.#.#
####........#.#.#
#..#.######...#.#
##..#.# ##..#.#
#.###.#######....#
.#..............##
.#.≈.##########...
.#...#.. ......


You could see a very large slime creature (poisoned) and a yaktaur.

Vanquished Creatures
  Jorgrun (D:15)
  A rakshasa (D:15)
  2 centaur warriors (D:13)
  11 hydras
  3 catoblepae
  A tengu warrior (D:12)
  10 two-headed ogres
  2 boulder beetles
  23 death yaks
  An orc high priest (Orc:2)
  A hell hog (Lair:5)
  Urug (Lair:4)
  A fire crab (Lair:3)
  Amaemon (Lair:1)
  A pharaoh ant (Lair:2)
  A salamander mystic (D:15)
  A bog body (Lair:3)
  A lindwurm (Lair:5)
  2 necromancers
  3 deep elf pyromancers
  3 orc knights
  An ugly thing (D:12)
  4 manticores
  4 orc sorcerers (Orc:2)
  18 elephants
  6 cyclopes
  A black mamba (Lair:5)
  4 kobold blastminers
  The ghost of petzl the Magician, a novice FoDe (D:9)
  An ice statue (Lair:3)
  2 gargoyles (D:12)
  13 cane toads
  2 kobold demonologists
  3 rime drakes
  6 komodo dragons
  An orange demon (Lair:1)
  Maggie (Lair:1)
  Psyche (D:8)
  An ice devil (Lair:3)
  9 trolls
  15 polar bears
  A tarantella (Lair:2)
  A tyrant leech (Lair:3)
  2 hornets
  22 blink frogs
  4 dream sheep (Lair:5)
  2 raiju (Lair:5)
  11 slime creatures
  4 wraiths
  A centaur simulacrum (D:15)
  A slime creature (shapeshifter) (D:15)
  4 shadows
  42 yaks
  7 wyverns
  3 basilisks (Lair:1)
  2 hogs (D:14)
  9 wargs
  2 vampire mosquitoes (D:11)
  A steam dragon (D:9)
  A redback (Lair:2)
  10 water moccasins
  3 swamp worms (Lair:3)
  3 acid dragons
  12 hell hounds (Lair:5)
  14 orc warriors
  4 sky beasts
  An ice beast (D:6)
  9 ogres
  14 black bears
  3 centaurs
  5 boggarts (D:14)
  43 wolves
  A phantom (D:5)
  3 kobold brigands
  14 bullfrogs
  2 scorpions (Lair:2)
  A cane toad simulacrum (Lair:3)
  2 gnoll sergeants
  10 wights
  2 elephant simulacra (Lair:3)
  3 killer bees (D:9)
  7 electric eels
  2 howler monkeys (D:9)
  3 bombardier beetles
  6 hounds
  3 jellies
  2 gnoll boudas
  10 orc priests
  3 sleepcaps (D:5)
  6 iguanas
  13 orc wizards
  7 hell rats
  2 troll simulacra (Lair:3)
  3 adders
  12 gnolls
  2 shadow imps
  3 white imps
  2 dart slugs
  4 ribbon worms
  44 orcs
  3 ball pythons
  3 bats
  5 endoplasms
  2 giant cockroaches
  9 goblins
  5 hobgoblins
  3 quokkas
  2 frilled lizards
  13 kobolds
  5 rats
628 creatures vanquished.

Vanquished Creatures (collateral kills)
  Kirke (D:14)
  An orc warlord (Orc:2)
  An orc knight (Orc:2)
  2 hogs (D:14)
  4 orc warriors (Orc:2)
  2 orcs (Orc:2)
11 creatures vanquished.

Vanquished Creatures (others)
  An ogre mage (Orc:2)
  A wolf (Lair:5)
  A bullfrog (Lair:3)
3 creatures vanquished.

Grand Total: 642 creatures vanquished

Notes
Turn   | Place    | Note
-------+----------+-------------------------------------------
     0 | D:1      | jasper the Gargoyle Berserker began the quest for the Orb.
     0 | D:1      | Reached XP level 1. HP: 14/14 MP: 1/1
   197 | D:1      | Reached XP level 2. HP: 19/19 MP: 2/2
  1215 | D:2      | Found a faded altar of an unknown god.
  1237 | D:2      | Reached XP level 3. HP: 12/23 MP: 3/3
  1482 | D:3      | Reached XP level 4. HP: 23/28 MP: 4/4
  1579 | D:3      | Reached skill level 5 in Maces & Flails
  1726 | D:3      | Identified the +1 helmet of Resonance {Str+5}
  1768 | D:3      | Reached ** piety under Trog
  2167 | D:4      | Reached XP level 5. HP: 32/32 MP: 5/5
  2391 | D:4      | Reached XP level 6. HP: 30/37 MP: 6/6
  2583 | D:4      | Found a sparkling altar of Nemelex Xobeh.
  2802 | D:5      | Entered Level 5 of the Dungeon
  2839 | D:5      | Reached XP level 7. HP: 37/41 MP: 7/7
  3062 | D:5      | Found a stormy altar of Qazlal.
  3169 | D:5      | Found a staircase to the Ecumenical Temple.
  3673 | D:5      | Found Myuqin's Assorted Antiques.
  3681 | D:5      | Bought 2 fizzy clear potions for 61 gold pieces
  3681 | D:5      | Bought a silvery potion for 30 gold pieces
  3681 | D:5      | Bought a scroll labelled GIQIMNE VAU for 34 gold pieces
  3681 | D:5      | Bought a scroll labelled GIQIMNE VAU for 34 gold pieces
  4021 | D:6      | Reached XP level 8. HP: 46/46 MP: 8/8
  4191 | D:6      | Found Xuip's Armour Boutique.
  4269 | D:6      | Reached skill level 10 in Maces & Flails
  4743 | D:6      | Reached XP level 9. HP: 51/51 MP: 9/9
  4808 | D:5      | Reached *** piety under Trog
  5863 | D:8      | Noticed a hornet
  5874 | D:8      | Killed a hornet
  5875 | D:8      | Reached skill level 5 in Fighting
  5933 | D:8      | Reached skill level 5 in Armour
  6032 | D:8      | Noticed Psyche
  6037 | D:8      | Killed Psyche
  6188 | D:8      | Reached XP level 10. HP: 59/61 MP: 10/10
  6234 | D:8      | Found a glowing golden altar of the Shining One.
  6728 | D:9      | Reached **** piety under Trog
  6797 | D:9      | Found a staircase to the Lair.
  6850 | D:9      | Noticed a two-headed ogre
  6858 | D:9      | Killed a two-headed ogre
  6932 | D:9      | Found a runed translucent door.
  6932 | D:9      | Noticed a boulder beetle
  6933 | D:9      | Noticed petzl's ghost (novice FoDe)
  7112 | D:9      | Reached XP level 11. HP: 49/71 MP: 11/11
  7423 | D:9      | Killed petzl's ghost
  7424 | D:9      | Reached skill level 10 in Fighting
  7454 | D:9      | Identified the +0 plate armour "Zatsurchi" {Harm rPois}
  7478 | D:9      | Killed a boulder beetle
  7507 | D:10     | Entered Level 10 of the Dungeon
  7524 | D:10     | Reached skill level 10 in Armour
  7828 | D:10     | Reached ***** piety under Trog
  8089 | D:10     | Found an ornate altar of the Wu Jian Council.
  8104 | D:10     | Found a shimmering blue altar of Sif Muna.
  8105 | D:10     | Found a portal to a secret trove of treasure.
  8183 | D:10     | Found a shadowy altar of Dithmenos.
  8310 | D:10     | Found a burning altar of Makhleb.
  8991 | D:11     | Found a runed translucent gate.
  8992 | D:11     | Found a runed translucent gate.
  8992 | D:11     | Noticed Scrimshaw's ghost (journeyman CoHs)
  8993 | D:11     | Found a runed translucent gate.
  9281 | Lair:1   | Entered Level 1 of the Lair of Beasts
  9405 | Lair:1   | Noticed Amaemon
  9416 | Lair:1   | Killed Amaemon
  9676 | Lair:1   | Reached XP level 12. HP: 65/81 MP: 12/12
  9796 | Lair:1   | Noticed Maggie
  9825 | Lair:1   | Killed Maggie
 10460 | Lair:2   | Received a gift from Trog
 10562 | Lair:2   | Found a hole to the Spider Nest.
 11654 | Lair:3   | Reached XP level 13. HP: 73/90 MP: 13/13
 12228 | Lair:3   | Reached skill level 15 in Fighting
 12320 | Lair:3   | Reached skill level 15 in Armour
 12465 | Lair:3   | Identified the +6 mace of the Three Stories {flame, rElec
                  | Dex+2} (Trog gifted it to you on level 3 of the Lair of
                  | Beasts)
 12465 | Lair:3   | Received a gift from Trog
 12554 | Lair:3   | Found a staircase to the Swamp.
 13271 | Lair:3   | Reached skill level 1 in Shields
 13567 | Lair:4   | Noticed Urug
 13582 | Lair:4   | Killed Urug
 13583 | Lair:4   | Gained mutation: Your large and strong wings let you fly.
                  | [Gargoyle growth]
 13583 | Lair:4   | Reached XP level 14. HP: 81/100 MP: 14/14
 14110 | Lair:4   | Identified the +2 dagger of Nekosch {flame, rPois rC+ Will-
                  | Int+3}
 14551 | Lair:5   | Entered Level 5 of the Lair of Beasts
 15291 | Lair:5   | Received a gift from Trog
 15682 | Lair:5   | Reached skill level 5 in Shields
 16348 | Lair:5   | Reached XP level 15. HP: 83/107 MP: 15/15
 16576 | Lair:5   | Reached ****** piety under Trog
 17230 | Lair:5   | Identified the +11 war axe of Medych {flame, +Blink Str+4}
                  | (Trog gifted it to you on level 5 of the Lair of Beasts)
 17230 | Lair:5   | Received a gift from Trog
 17281 | Lair:5   | Identified the amulet of Dadwel {Faith rN+ SInv Stlth+}
 17882 | D:12     | Found a staircase to the Orcish Mines.
 18454 | Orc:1    | Entered Level 1 of the Orcish Mines
 18729 | Orc:2    | Entered Level 2 of the Orcish Mines
 18733 | Orc:2    | Found Coggal's Armour Boutique.
 18971 | Orc:2    | Found a roughly hewn altar of Beogh.
 19165 | Orc:2    | Found a staircase to the Elven Halls.
 19273 | Orc:2    | Received a gift from Trog
 19329 | Orc:2    | Noticed an orc warlord
 19338 | Orc:2    | Killed an orc warlord
 19346 | Orc:2    | Found a roughly hewn altar of Beogh.
 19348 | Orc:2    | Paralysed by an orc sorcerer for 2 turns
 19359 | Orc:2    | Found Qyithroq's General Store.
 19571 | Orc:2    | Bought a scroll of teleportation for 48 gold pieces
 19705 | Orc:2    | Found Lenuog Saol's Antique Weapon Shop.
 19773 | Orc:2    | Found Saciq's Antique Armour Shop.
 19787 | Orc:2    | Found Luagg's Book Shop.
 19975 | Orc:1    | Found Sowexaij's Antique Weapon Boutique.
 20013 | Orc:1    | Found Suhurr's Jewellery Shoppe.
 20054 | Orc:1    | Found Yghurchin's Assorted Antiques.
 20059 | Orc:1    | Bought a glowing gilded ring for 165 gold pieces
 20085 | Orc:1    | Found Pyfuz's Armour Shop.
 20112 | Orc:1    | Bought the +0 helmet of the World {rF+ Int+2} for 272 gold
                  | pieces
 20552 | D:13     | Reached XP level 16. HP: 46/116 MP: 16/16
 21620 | D:14     | Noticed Kirke
 21632 | D:14     | Noticed a sphinx
 21655 | D:14     | Killed Kirke
 21655 | D:14     | Received a gift from Trog
 22017 | D:14     | Found a gate to the Vaults.
 22289 | D:15     | Entered Level 15 of the Dungeon
 22338 | D:15     | Reached skill level 10 in Shields
 22438 | D:15     | Found Ryng's General Store.
 22533 | D:15     | Found a staircase to the Depths.
 22559 | D:15     | Noticed Jorgrun
 22569 | D:15     | Killed Jorgrun
 22602 | D:15     | Noticed porpoise's ghost (journeyman DsGl)
 22635 | D:15     | HP: 1/116 [very large slime creature (34)]
 22636 | D:15     | Mangled by a very large slime creature

Illustrated notes

Levels and vault maps discovered:
D:1:      amcnicky_arrival_underground_garden, layout_loops_cross
D:2:      layout_loops_ring, hellmonk_ecumenical_altar_blasted
D:3:      layout_rooms, item_on_display_a
D:4:      layout_loops_ring, nemelex_diamond_rough_becter,
          amcnicky_mini_corridor_feature, minmay_statues_item
D:5:      layout_loops_corners, general_overflow_altar,
          minmay_temple_entry_statues, serial_shops, shop
D:6:      layout_gridville, serial_bayou, serial_bayou_pond_c,
          serial_bayou_pond_d, serial_bayou_shore_a, serial_bayou_crossing,
          serial_shops, nicolae_shop_behind_doors
D:7:      layout_gridville
D:8:      layout_basic, nicolae_tso_carved_into_rock, uniq_psyche
D:9:      layout_gridville, erik_lair_island, ebering_ghost_inner_flame
D:10:     layout_loops_corners, nicolae_overflow_quartered_altars,
          nicolae_trove_entry_isolated
D:11:     layout_roguey, gammafunk_ghost_spectres
D:12:     minmay_inside_and_out, layout_long_grid, orc_0_dummy
D:13:     layout_roguey, grunt_ministairs_15, lemuel_flame_loot_1
D:14:     layout_layer_cave, david_vaults_1, hellmonk_sif_muna_bookshelves,
          minmay_statue_bubble, uniq_kirke
D:15:     hangedman_depths_entry_try_elsewhere_first, layout_basic,
          serial_shops, shop, hangedman_decor_riveting,
          muffindrake_ghost_dual_entry, uniq_roxanne, uniq_jorgrun
Lair:1:   layout_regular_city, lemuel_fruit_tree, lemuel_fruit_fields,
          infiniplex_staircase_pool, grunt_megastairs_3, lemuel_fruit_fields,
          uniq_maggie, uniq_amaemon
Lair:2:   layout_small_grid, nicolae_spider_entry_lesser_pyramids
Lair:3:   dreamdust_isle_of_ice, layout_long_grid, palyth_hydra_swamp_entry,
          grunt_megastairs_1
Lair:4:   layout_regular_city, minmay_slime_entry_oklob_enclosed, uniq_urug
Lair:5:   hangedman_lair_in_review, layout_small_grid,
          hangedman_lair_caniforms_friends
Orc:1:    layout_caves, serial_shops, nicolae_shop_stone, nicolae_shop_stone,
          shop_statue, nicolae_shop_hallway_plus
Orc:2:    grunt_orc_cross, layout_diamond_mine, basic_altar, serial_shops,
          nicolae_diamond_shop

Skill      XL: |  1  2  3  4  5  6  7  8  9 10 11 12 13 14 15 16 |
---------------+-------------------------------------------------+-----
Maces & Flails | 4 5 6 7 9 11 12 | 12.0
Armour         | 6 9 11 14 16 17 19 | 19.1
Fighting       | 6 9 12 14 16 17 19 | 19.3
Shields        | 2 7 8 10 | 10.7
Dodging        | |  1.5

Action                     |  1- 3 |  4- 6 |  7- 9 | 10-12 | 13-15 | 16-18 || total
---------------------------+-------+-------+-------+-------+-------+-------++-------
  Melee: Mace              |    92 |   141 |   151 |       |       |       ||   384
         Whip              |       |       |   178 |   440 |       |       ||   618
         Demon whip        |       |       |       |   294 |  1329 |   168 ||  1791
         Unarmed           |       |       |       |       |       |    18 ||    18
  Throw: Stone             |       |     2 |     7 |       |     4 |     1 ||    14
 Invoke: Trog's Hand       |       |     2 |     3 |       |     5 |     1 ||    11
         Berserk           |       |     2 |     4 |     4 |       |       ||    10
         Brothers in Arms  |       |       |       |       |     2 |     1 ||     3
  Evoke: Wand              |       |       |       |    11 |       |       ||    11
    Use: Scroll            |     4 |     5 |     9 |     8 |     9 |     1 ||    36
         Potion            |       |       |     3 |       |       |     1 ||     4
   Stab: Sleeping          |     1 |       |       |       |     3 |     3 ||     7
         Petrified         |       |       |       |       |     9 |     2 ||    11
         Petrifying        |       |       |       |       |     2 |       ||     2
         Distracted        |       |       |       |       |     1 |       ||     1
 Armour: Animal skin       |    42 |       |       |       |       |       ||    42
         Leather armour    |    39 |     5 |       |       |       |       ||    44
         Ring mail         |       |    34 |       |       |       |       ||    34
         Plate armour      |       |    83 |   257 |   432 |   201 |       ||   973
         Shadow dragon sca |       |       |       |       |   794 |   110 ||   904
         Skin              |       |       |       |       |       |     8 ||     8
  Dodge: Dodged            |    68 |    59 |    89 |   186 |   411 |    37 ||   850
  Block: Buckler           |       |       |       |       |   189 |     6 ||   195
         Kite shield       |       |       |       |       |       |    33 ||    33

Table legend: (Time is in decaauts)
 A = Elapsed time spent in this place.
 B = Non-inter-level travel time spent in this place.
 C = Inter-level travel time spent in this place.
 D = Time resting spent in this place.
 E = Time spent auto-exploring this place.
 F = Levels seen in this place.
 G = Mean time per level.
                   A        B        C        D        E       F      G
               +--------+--------+--------+--------+--------+-----+--------+
         Total |  21653 |  20821 |    832 |   1041 |  15470 |  22 |  984.2 |
       Dungeon |  12374 |  11817 |    557 |    589 |   8780 |  15 |  824.9 |
          Lair |   7539 |   7342 |    197 |    433 |   5335 |   5 | 1507.8 |
  Orcish Mines |   1739 |   1662 |     77 |     18 |   1355 |   2 |  869.5 |
               +--------+--------+--------+--------+--------+-----+--------+

Top non-repeatable levels by time:
  Lair:5: 2377 daAuts
  Lair:3: 1798 daAuts
     D:5: 1377 daAuts
  Lair:4: 1230 daAuts
   Orc:2: 1123 daAuts
  Lair:2: 1071 daAuts
  Lair:1: 1061 daAuts
    D:10: 1022 daAuts
     D:6: 1004 daAuts
     D:9: 986 daAuts
    D:14: 985 daAuts
    D:12: 927 daAuts
    D:13: 904 daAuts
     D:4: 821 daAuts
     D:1: 786 daAuts
